 Dungeon Crawl Stone Soup version 0.30-a0-6-g7c9e10e132 (webtiles) character file.

Game seed: 104663815049483343

170 night the Ruffian (level 5, -3/46 HPs)
             Began as a Troll Transmuter on Aug 22, 2022.
             Slain by a river rat (5 damage)
             ... in a sewer.
             The game lasted 00:04:16 (2106 turns).

night the Ruffian (Troll Transmuter)                Turns: 2106, Time: 00:04:17

Health: -3/46      AC:  5    Str: 18    XL:     5   Next: 26%
Magic:  2/5        EV:  9    Int: 11    God:
Gold:   212        SH:  0    Dex: 10    Spells: 3/6 levels left

rFire   . . .      SeeInvis .      - Unarmed
rCold   . . .      Faith    .    (no shield)
rNeg    . . .      Spirit   .    a - +0 robe
rPois   .          Reflect  .    (helmet currently unavailable)
rElec   .          Harm     .    r - +0 cloak
rCorr   .          Rampage  .    (gloves unavailable)
Will    .....                    (boots unavailable)
Stlth   +.........               (no amulet)
HPRegen 0.95/turn                (no ring)
MPRegen 0.09/turn                (no ring)

@: appendages (expiring), wereblooded
A: horns 2, talons 2, large, unfitting armour, claws 3, regeneration 1, shaggy
fur 1, tough skin 1
a: End Transformation


You were in a sewer.
You had temporarily grown beastly horns and talons.
You visited 1 branch of the dungeon, and saw 3 of its levels.
You also visited: Sewer.

You collected 212 gold pieces.

Inventory:

Missiles
 f - 21 stones
Armour
 a - a +0 robe (worn)
 r - a +0 cloak (worn)
Jewellery
 g - a +4 ring of evasion
 m - an amulet of guardian spirit
Wands
 t - a wand of charming (10)
Scrolls
 d - 2 scrolls of noise {unknown}
 e - a scroll of magic mapping {unknown}
 h - a scroll of teleportation {unknown}
 i - 2 scrolls of vulnerability {unknown}
 l - a scroll of identify {unknown}
 p - a scroll of fog {unknown}
 q - a scroll of enchant weapon {unknown}
Potions
 b - 2 potions of lignification
 c - 2 potions of degeneration {unknown}
 j - 2 potions of invisibility {unknown}
 k - 2 potions of flight {unknown}
 n - a potion of ambrosia {unknown}
 o - a potion of curing {unknown}
 s - a potion of heal wounds {unknown}


   Skills:
 - Level 0.7 Fighting
 - Level 1.5 Dodging
 + Level 4.7 Unarmed Combat
 - Level 1.2 Spellcasting
 + Level 3.1 Transmutations


You had 3 spell levels left.
You knew the following spells:

 Your Spells              Type           Power      Damage    Failure   Level
a - Beastly Appendage     Tmut           14%        N/A       9%          1
b - Wereblood             Tmut           7%         N/A       14%         2

Your spell library contained the following spells:

 Spells                   Type           Power      Damage    Failure   Level
 Apportation              Tloc           0%         N/A       32%         1
 Spider Form              Tmut/Pois      4%         N/A       45%         3
 Inner Flame              Hex/Fire       0%         N/A       67%         3
 Ice Form                 Ice/Tmut       4%         N/A       86%         4
 Cause Fear               Hex            0%         N/A       97%         4
 Alistair's Intoxication  Tmut/Pois      2%         N/A       99%         5
 Discord                  Hex            0%         N/A       100%        8


Dungeon Overview and Level Annotations

Branches:
Dungeon (3/15)              Sewer (1/1)

Altars:
Dithmenos
Gozag

Shops:
D:2 [

Annotations:
D:3 3 runed translucent doors, yokelz's ghost, amateur DjCj


Innate Abilities, Weirdness & Mutations

You have temporarily grown beastly horns and talons.
You are too large for most types of armour.
You have claws for hands.
Your natural rate of healing is unusually fast.
You are covered in fur. (AC +1)
You have tough skin. (AC +1)


Message History

Your blood is infused with primal strength.
Unknown command.
Casting: Wereblood (safe; 14% risk of failure)
Confirm with . or Enter, or press ? or * to list all spells.
You grow a pair of large bovine horns.
Your feet morph into talons.
Unknown command.
A river rat comes into view.
The river rat barely misses you. The river rat bites you!
You barely miss the river rat. Your headbutt misses the river rat.
You scratch the river rat. Your kick misses the river rat.
The river rat is moderately wounded.
The river rat bites you! The river rat barely misses you.
You scratch the river rat.
The river rat is heavily wounded.
The river rat bites you. The river rat barely misses you.
You closely miss the river rat. Your kick misses the river rat.
You headbutt the river rat.
You feel a bit better.
You kill the river rat!
The river rat barely misses you. The river rat bites you.
You barely miss the river rat. The river rat bites you!
The river rat bites you but does no damage.
You barely miss the river rat. The river rat bites you. x2
You are too injured to fight recklessly!
You are too injured to fight recklessly!
You are too injured to fight recklessly!
You closely miss the river rat. Your kick misses the river rat.
The river rat bites you but does no damage.
The river rat bites you!
* * * LOW HITPOINT WARNING * * *
The river rat bites you.
* * * LOW HITPOINT WARNING * * *
You scratch the river rat but do no damage.
You claw the river rat.
The river rat is lightly wounded.
You howl as the wereblood boils in your veins!
Your transformation is almost over.
The river rat bites you!
* * * LOW HITPOINT WARNING * * *
The river rat barely misses you. The river rat bites you.
You die...

#......~~≈≈≈
#......~≈≈≈≈
......~≈≈≈≈
#.......≈≈≈
.......≈≈≈
#.....~≈≈≈
####rrr...~~≈
#∩# #@....~~~
#.###......~≈
#..#.......≈~
##........~~≈
##.......~≈~
##.....~.≈~
#......≈≈≈
.....~~≈≈≈
#......~≈≈~


You could see 3 river rats.

Vanquished Creatures
  Crazy Yiuf (D:2)
  3 adders (D:2)
  4 river rats
  6 worms
  A dart slug (D:2)
  2 orcs
  5 bats
  5 endoplasms
  2 giant cockroaches
  3 goblins (D:2)
  3 hobgoblins
  4 jackals (D:2)
  7 kobolds
  A quokka (D:2)
  8 ball pythons
  A frilled lizard (D:1)
  4 rats
60 creatures vanquished.

Notes
Turn   | Place    | Note
-------+----------+-------------------------------------------
     0 | D:1      | night the Troll Transmuter began the quest for the Orb.
     0 | D:1      | Reached XP level 1. HP: 18/18 MP: 1/1
   362 | D:1      | Reached XP level 2. HP: 26/26 MP: 0/2
   983 | D:2      | Found a faded altar of an unknown god.
  1031 | D:2      | Reached skill level 2 in Transmutations
  1067 | D:2      | Reached XP level 3. HP: 31/32 MP: 1/3
  1339 | D:2      | Reached skill level 4 in Unarmed Combat
  1345 | D:2      | Reached XP level 4. HP: 40/40 MP: 2/4
  1366 | D:2      | Learned a level 2 spell: Wereblood
  1549 | D:2      | Found Sonoal's Antique Armour Shoppe.
  1589 | D:2      | Found a runed translucent door.
  1590 | D:2      | Noticed Crazy Yiuf
  1598 | D:2      | Killed Crazy Yiuf
  1665 | D:3      | Noticed yokelz's ghost (amateur DjCj)
  1666 | D:3      | Found a runed translucent gate.
  1666 | D:3      | Found a runed translucent gate.
  1666 | D:3      | Found a runed translucent gate.
  1804 | D:3      | Found an opulent altar of Gozag.
  1893 | D:3      | Found a shadowy altar of Dithmenos.
  2019 | D:3      | Reached XP level 5. HP: 44/46 MP: 3/5
  2033 | D:3      | HP: 4/46 [worm (10)]
  2040 | D:3      | HP: 5/46 [worm (2)]
  2068 | D:3      | Found a glowing drain.
  2075 | Sewer    | Entered a sewer
  2106 | Sewer    | HP: 2/46 [river rat (7)]
  2106 | Sewer    | Slain by a river rat

Illustrated notes

Levels and vault maps discovered:
D:1:      elethiomel_arrival_infinity_welcomes_careful_drivers, layout_basic
D:2:      layout_rooms, serial_corexii_hall, chequers_hall_statues_wall_a,
          corexii_hall_statues_l, serial_shops, shop,
          hellmonk_ecumenical_altar_arch_garden, minmay_misc_feat_rows,
          minmay_vboxes, uniq_crazy_yiuf_cottage
D:3:      layout_rooms, mainiacjoe_overflow_alcove_1, amcnicky_altar_gilded,
          portal_sewer_entry_e, gammafunk_ghost_split, nicolae_wormholes
Sewer:    sewer_minmay_treatment

Skill      XL: |  1  2  3  4  5 |
---------------+----------------+-----
Transmutations | 2 3 |  3.1
Unarmed Combat | 4 |  4.7
Fighting       | |  0.7
Dodging        | |  1.5
Spellcasting   | |  1.2

Action                   |  1- 3 |  4- 6 || total
-------------------------+-------+-------++-------
Melee: Unarmed           |    82 |    72 ||   154
       Kick              |     5 |    11 ||    16
       Punch             |     2 |     1 ||     3
       Headbutt          |     1 |     7 ||     8
 Cast: Beastly Appendage |     5 |    12 ||    17
       Wereblood         |       |     2 ||     2
 Stab: Sleeping          |     2 |       ||     2
Armor: Robe              |    45 |    32 ||    77
Dodge: Dodged            |    42 |    44 ||    86

Table legend: (Time is in decaauts)
 A = Elapsed time spent in this place.
 B = Non-inter-level travel time spent in this place.
 C = Inter-level travel time spent in this place.
 D = Time resting spent in this place.
 E = Time spent auto-exploring this place.
 F = Levels seen in this place.
 G = Mean time per level.
                   A        B        C        D        E       F      G
               +--------+--------+--------+--------+--------+-----+--------+
         Total |   2097 |   2049 |     48 |     13 |   1653 |   4 |  524.2 |
       Dungeon |   2067 |   2019 |     48 |     13 |   1637 |   3 |  689.0 |
         Sewer |     30 |     30 |      0 |      0 |     16 |   1 |   30.0 |
               +--------+--------+--------+--------+--------+-----+--------+

Top non-repeatable levels by time:
     D:1: 915 daAuts
     D:2: 721 daAuts
     D:3: 430 daAuts
   Sewer: 30 daAuts
